 Dungeon Crawl Stone Soup version 0.29.1-4-g47bece8355 (webtiles) character file.

Game seed: 4362122933248920006

6 H0rd4k the Charlatan (level 1, -1/13 HPs)
             Began as an Octopode Artificer on Dec 5, 2022.
             Slain by a jackal (3 damage)
             ... on level 1 of the Dungeon.
             The game lasted 00:00:25 (103 turns).

H0rd4k the Charlatan (Octopode Artificer)            Turns: 103, Time: 00:00:25

Health: -1/13      AC:  1    Str: 11    XL:     1   Next: 90%
Magic:  1/1        EV: 13    Int: 13    God:
Gold:   14         SH:  0    Dex: 12    Spells: 1/1 levels left

rFire   . . .      SeeInvis .   (no weapon)
rCold   . . .      Faith    .   (no shield)
rNeg    . . .      Spirit   .   (helmet restricted)
rPois   .          Reflect  .   (no amulet)
rElec   .          Harm     .   (no ring)
rCorr   .          Rampage  .   (no ring)
Will    .....                   (no ring)
Stlth   +++.......              (no ring)
HPRegen 0.04/turn               (no ring)
MPRegen 0.07/turn               (no ring)
                                (no ring)
                                (no ring)

@: no status effects
A: almost no armour, amphibious, 8 rings, camouflage 1, gelatinous body 1,
(nimble swimmer 1), tentacles
a: no special abilities


You were on level 1 of the Dungeon.
You visited 1 branch of the dungeon, and saw 1 of its levels.

You collected 14 gold pieces.

Inventory:

Wands
 b - a wand of flame (14) (quivered)
 c - a wand of charming (13)
 d - a wand of iceblast (5)
Potions
 a - a potion of lignification {unknown}


   Skills:
 * Level 1.5 Fighting
 - Level 2.3 Dodging
 - Level 1.3 Stealth
 * Level 0.5 Spellcasting
 - Level 3.2 Evocations


You had one spell level left.
You didn't know any spells.
Your spell library was empty.

Dungeon Overview and Level Annotations

Branches:
Dungeon (1/15)

Altars:


Innate Abilities, Weirdness & Mutations

You cannot wear most types of armour.
You are amphibious.
You can wear up to eight rings at the same time.
Your skin changes colour to match your surroundings (Stealth+).
Your rubbery body absorbs attacks. (AC +1, EV +1)
((You are camouflaged when in or above water. (Stealth+)))
You have tentacles for arms and can constrict up to eight enemies at once.


Message History

The jackal is severely wounded.
You constrict the jackal.
You kill the jackal!
The quokka bites you.
* * * LOW HITPOINT WARNING * * *
You barely miss the quokka. You grab the quokka. You squeeze the quokka.
You kill the quokka!
You closely miss the jackal. You grab the jackal.
You constrict the jackal, but do no damage.
The jackal bites you.
* * * LOW HITPOINT WARNING * * *
Aiming: Charm
Press: ? - help, Shift-Dir - straight line, f - jackal
Aim: a jackal (constricted by you, chance to affect: 73%)
The jackal is charmed.
You release your grip on your jackal.
Something bites your jackal. Something barely misses your jackal.
The rat bites your jackal.
Unknown command.
What are your orders? t - Shout!
Orders for allies: a - Attack new target. p - Attack previous target. r - Retreat! s - Stop attacking. g - Guard the area. f - Follow me.
Anything else - Cancel.
Guard this area!
Your jackal bites the rat.
Something bites your jackal.
Your jackal dies!
Aiming: Charm
Press: ? - help, Shift-Dir - straight line, f - rat
Aim: a rat (moderately wounded, chance to affect: 73%)
The rat is charmed.
The jackal bites your rat.
Your rat dies!
Unknown command.
There's nothing to close nearby.
Unknown command.
Unknown command.
Aiming: Throw Flame
Press: ? - help, Shift-Dir - straight line, f - jackal
Aim: a jackal (64% to hit)
The puff of flame misses the jackal.
The jackal bites you.
You die...

... .###... .......
...#r### # .....
.### #..#....#
♣♣♣†.# ##
♣♣.†♣.....#######.
♣♣@h♣♣..##[........
♣...♣ #♣♣♣♣♣♣###.##
♣..♣♣♣♣.....♣♣..##
♣8......♣♣♣...♣## #
♣_..⌠.♣♣♣#♣♣♣♣..# #
♣8.....♣♣#...#..#..
♣..♣♣♣♣.♣♣♣.....#.8
♣♣.♣ ♣...♣♣...##..
♣♣. ♣♣♣♣.....# .8


You could see a jackal.

Vanquished Creatures
  A giant cockroach (D:1)
  A jackal (D:1)
  A quokka (D:1)
  2 bats (D:1)
5 creatures vanquished.

Vanquished Creatures (others)
  A jackal (D:1)
  A rat (D:1)
2 creatures vanquished.

Grand Total: 7 creatures vanquished

Notes
Turn   | Place    | Note
-------+----------+-------------------------------------------
     0 | D:1      | H0rd4k the Octopode Artificer began the quest for the Orb.
     0 | D:1      | Reached XP level 1. HP: 13/13 MP: 1/1
     7 | D:1      | Noticed a water moccasin
     7 | D:1      | Noticed a komodo dragon
     8 | D:1      | Noticed a four-headed hydra
     8 | D:1      | Noticed a polar bear
    61 | D:1      | Found a faded altar of an unknown god.
   103 | D:1      | Slain by a jackal

Illustrated notes

Levels and vault maps discovered:
D:1:      onia_arrival_zoo_common, layout_rooms,
          shapermc_ecumenical_altar_totnotflames

Action                   || total
-------------------------++-------
Melee: Unarmed           ||    16
       Constrict         ||     6
       Tentacles         ||     5
Evoke: Wand              ||     3
Armor: Skin              ||     7
Dodge: Dodged            ||    25
